 Dungeon Crawl Stone Soup version 0.31.0-4-g52a2dc7128 (webtiles) character file.

Game seed: 7365496465322552722

557719 BeingJoeMalik the Hoplite (level 26, -11/182 HPs)
             Began as a Tengu Fighter on Jan 22, 2024.
             Was a High Priest of Okawaru.
             Killed from afar by a purple draconian shifter (45 damage)
             ... with a bolt of dispelling energy
             ... led by a white draconian stormcaller
             ... on level 1 of the Realm of Zot.
             The game lasted 03:43:10 (69430 turns).

BeingJoeMalik the Hoplite (Tengu Fighter)          Turns: 69430, Time: 03:43:10

Health: -11/182    AC: 19    Str: 25    XL:     26   Next: 53%
Magic:  38/39      EV: 27    Int:  6    God:    Okawaru [*****.]
Gold:   5057       SH: 33    Dex: 21    Spells: 22/25 levels left

rFire   + + +        z - +7 sceptre of Torment {pain, torment}
rCold   + + +        A - +3 tower shield of Watchfulness {^Contam rElec rN+ rCorr}
rNeg    + + +        D - +6 ring mail of Duck's Teeth {rN+++ Str-5 SInv Stlth-}
rPois   +            c - +0 mask of the Dragon {Will+ Slay+3 SInv}
rElec   +            x - +1 cloak "Cybb" {-Cast rF+++ rC++}
rCorr   +            s - +2 pair of gloves of the Loofah {rC+ rCorr MP+9 Str+3}
SInv    +            (boots unavailable)
Will    ++...        T - amulet "Oxkexass" {Reflect rF+ rC+ SH+5}
Stlth   +            Z - ring of Axteloru {rC+ Str+6 Int-3}
HPRegen 0.50/turn    a - ring of poison resistance
MPRegen 0.26/turn

%: no spellcasting, reflection, acrobat
@: finesse-ful, flying, studying 2 skills
A: beak, talons 3, evasive flight, acrobatic, deterioration 1
}: 3/15 runes: serpentine, barnacled, abyssal
a: Renounce Religion, Heroism, Finesse, Duel


You were on level 1 of the Realm of Zot.
You worshipped Okawaru.
Okawaru was extremely pleased with you.
You visited 10 branches of the dungeon, and saw 44 of its levels.
You visited the Abyss 2 times.
You also visited: Trove, Ossuary, Gauntlet and Desolation.

You collected 8027 gold pieces.
You spent 2970 gold pieces at shops.

Inventory:

Hand Weapons
 r - the +3 eveningstar of Experimentation {heavy, rElec rC+}
   (Okawaru gifted it to you on level 3 of the Elven Halls)

   rC+:       It protects you from cold.
   rElec:     It insulates you from electricity.
 z - the +7 sceptre of Torment (weapon) {pain, torment}
   (You acquired it on level 10 of the Dungeon)
Missiles
 f - 4 throwing nets
 n - 19 silver javelins (quivered)
 K - 9 curare-tipped darts
Armour
 c - the +0 mask of the Dragon (worn) {Will+ Slay+3 SInv}
   (You found it on level 11 of the Dungeon)

   Slay+3:    It affects your accuracy & damage with ranged weapons and melee
   (+3).
   Will+:     It increases your willpower.
   SInv:      It lets you see invisible.
 s - the +2 pair of gloves of the Loofah (worn) {rC+ rCorr MP+9 Str+3}
   (You acquired it on level 6 of the Dungeon)

   Str+3:     It affects your strength (+3).
   rC+:       It protects you from cold.
   MP+9:      It affects your magic capacity (+9).
   rCorr:     It protects you from acid and corrosion.
 x - the +1 cloak "Cybb" (worn) {-Cast rF+++ rC++}
   (Okawaru gifted it to you on level 1 of the Elven Halls)

   rF+++:     It renders you almost immune to fire.
   rC++:      It greatly protects you from cold.
   -Cast:     It prevents spellcasting.
 A - the +3 tower shield of Watchfulness (worn) {^Contam rElec rN+ rCorr}
   (You took it off Louise on level 1 of the Shoals)

   rElec:     It insulates you from electricity.
   rN+:       It protects you from negative energy.
   ^Contam:   It causes magical contamination when unequipped.
   rCorr:     It protects you from acid and corrosion.
 D - the +6 ring mail of Duck's Teeth (worn) {rN+++ Str-5 SInv Stlth-}
   (You took it off a deep elf master archer on level 3 of the Elven Halls)

   Str-5:     It affects your strength (-5).
   rN+++:     It renders you almost immune to negative energy.
   SInv:      It lets you see invisible.
   Stlth-:    It makes you less stealthy.
Jewellery
 a - a ring of poison resistance (right hand)
 L - the ring of Inesir {rC+ rN+ rCorr Dex+6}
   (You took it off a merfolk on level 4 of the Shoals)

   [ring of dexterity]

   Dex+6:     It affects your dexterity (+6).
   rC+:       It protects you from cold.
   rN+:       It protects you from negative energy.
   rCorr:     It protects you from acid and corrosion.
 T - the amulet "Oxkexass" (around neck) {Reflect rF+ rC+ SH+5}
   (You found it in a treasure trove)

   [amulet of reflection]

   Reflect:   It reflects blocked missile attacks.
   rF+:       It protects you from fire.
   rC+:       It protects you from cold.
   SH+5:      It affects your SH (+5).
 W - a ring of willpower
 Z - the ring of Axteloru (left hand) {rC+ Str+6 Int-3}
   (You found it in a treasure trove)

   [ring of protection from cold]

   Str+6:     It affects your strength (+6).
   Int-3:     It affects your intelligence (-3).
   rC+:       It protects you from cold.
Wands
 t - a wand of roots (17)
 B - a wand of flame (7)
 H - a wand of light (3)
 P - a wand of polymorph (7)
Scrolls
 b - 4 scrolls of immolation
 e - 3 scrolls of vulnerability
 h - 10 scrolls of teleportation
 k - 2 scrolls of enchant weapon
 m - 4 scrolls of silence
 w - 6 scrolls of revelation
 C - 10 scrolls of enchant armour
 E - 6 scrolls of fear
 N - 35 scrolls of identify
 O - 5 scrolls of fog
 R - 6 scrolls of poison
 X - 2 scrolls of blinking
Potions
 d - 5 potions of might
 i - 6 potions of enlightenment
 j - 4 potions of cancellation
 l - 6 potions of mutation
 o - 7 potions of haste
 p - 9 potions of brilliance
 u - 3 potions of heal wounds
 v - 2 potions of resistance
 F - 7 potions of ambrosia
 G - 6 potions of invisibility
 I - 16 potions of curing
Miscellaneous
 g - a phial of floods
 q - a phantom mirror
 Y - a lightning rod (4/4)


   Skills:
 + Level 23.0 Fighting
 - Level 16.9(18.1) Maces & Flails
 - Level 10.7(15.0) Staves
 - Level 15.8 Ranged Weapons
 + Level 11.1 Armour
 + Level 16.5 Dodging
 + Level 1.4 Stealth
 + Level 24.6 Shields
 * Level 17.2 Necromancy
 * Level 9.2 Invocations


You had 22 spell levels left.
You knew the following spells:

 Your Spells              Type           Power      Damage    Failure   Level
a - Vampiric Draining     Necr           20%        2d7       1%          3

Your spell library contained the following spells:

 Spells                   Type           Power      Damage    Failure   Level
 Fugue of the Fallen      Necr           20%        N/A       1%          3
 Cigotuvi's Dreadful Rot  Necr/Alch/Air  12%        N/A       12%         2
 Anguish                  Hex/Necr       5%         N/A       24%         4
 Borgnjor's Vile Clutch   Necr/Erth      5%         N/A       54%         5
 Apportation              Tloc           0%         N/A       63%         1
 Freeze                   Ice            0%         1d3       63%         1
 Magic Dart               Conj           0%         1d3       63%         1
 Sandblast                Erth           0%         2d4       63%         1
 Shock                    Conj/Air       0%         1d3       63%         1
 Slow                     Hex            0%         N/A       63%         1
 Sting                    Conj/Alch      0%         1d3       63%         1
 Ensorcelled Hibernation  Hex/Ice        0%         N/A       77%         2
 Jinxbite                 Hex            0%         N/A       77%         2
 Mercury Vapours          Alch/Air       0%         N/A       77%         2
 Searing Ray              Conj           0%         2d4       77%         2
 Static Discharge         Conj/Air       0%         3-3/arc   77%         2
 Confusing Touch          Hex            0%         N/A       94%         3
 Frozen Ramparts          Ice            0%         1d1       94%         3
 Gell's Gravitas          Tloc           0%         N/A       94%         3
 Hailstorm                Conj/Ice       0%         3d5       94%         3
 Inner Flame              Hex/Fire       0%         N/A       94%         3
 Mephitic Cloud           Conj/Alch/Air  0%         N/A       94%         3
 Ozocubu's Armour         Ice            0%         N/A       94%         3
 Sigil of Binding         Hex            0%         N/A       94%         3
 Stone Arrow              Conj/Erth      0%         3d7       94%         3
 Swiftness                Air            0%         N/A       94%         3
 Teleport Other           Tloc           0%         N/A       94%         3
 Borgnjor's Revivificati  Necr           10%        N/A       99%         8
 Airstrike                Air            0%         2d(0-16)  100%        4
 Cause Fear               Hex            0%         N/A       100%        4
 Dimensional Bullseye     Hex/Tloc       0%         N/A       100%        4
 Flame Wave               Conj/Fire      0%         2d4       100%        4
 Fulminant Prism          Conj/Alch      0%         3d5       100%        4
 Leda's Liquefaction      Alch/Erth      0%         N/A       100%        4
 Olgreb's Toxic Radiance  Alch           0%         N/A       100%        4
 Passage of Golubria      Tloc           0%         N/A       100%        4
 Petrify                  Alch/Erth      0%         N/A       100%        4
 Sticky Flame             Fire/Alch      0%         2d4       100%        4
 Vhi's Electric Charge    Tloc/Air       0%         N/A       100%        4
 Alistair's Intoxication  Alch           0%         N/A       100%        5
 Freezing Cloud           Conj/Ice/Air   0%         6-21      100%        5
 Iskenderun's Battlesphe  Conj           0%         2d6       100%        5
 Metabolic Englaciation   Hex/Ice        0%         N/A       100%        5
 Silence                  Hex/Air        0%         N/A       100%        5
 Bombard                  Conj/Erth      0%         9d1       100%        6
 Conjure Ball Lightning   Conj/Air       0%         3x3d6     100%        6
 Dispersal                Tloc           0%         N/A       100%        6
 Eringya's Noxious Bog    Alch           0%         4d6       100%        6
 Enfeeble                 Hex            0%         N/A       100%        7
 Orb of Destruction       Conj           0%         9d5       100%        7
 Ozocubu's Refrigeration  Ice            0%         4d7       100%        7
 Discord                  Hex            0%         N/A       100%        8
 Disjunction              Tloc           0%         N/A       100%        8
 Lehudib's Crystal Spear  Conj/Erth      0%         10d2      100%        8
 Chain Lightning          Conj/Air       0%         N/A       100%        9
 Death's Door             Necr           10%        N/A       100%        9
 Fire Storm               Conj/Fire      0%         5d1       100%        9
 Shatter                  Erth           0%         3d5*      100%        9
 Martyr's Knell           Necr/Summ      Unusable   N/A       N/A         4
 Call Canine Familiar     Summ           Unusable   N/A       N/A         3
 Animate Armour           Summ/Erth      Unusable   N/A       N/A         4
 Summon Blazeheart Golem  Fire/Summ      Unusable   N/A       N/A         4
 Summon Lightning Spire   Summ/Air       Unusable   N/A       N/A         4
 Sculpt Simulacrum        Ice/Alch       Unusable   N/A       N/A         6
 Haunt                    Necr/Summ      Unusable   N/A       N/A         7
 Spellforged Servitor     Conj/Summ      Unusable   N/A       N/A         7

Dungeon Overview and Level Annotations

Branches:
Dungeon (15/15)            Temple (0/1) D:6            Lair (5/5) D:8
 Shoals (4/4) Lair:3        Snake (4/4) Lair:2          Orc (2/2) D:11
    Elf (3/3) Orc:2        Vaults (4/5) D:13          Crypt (2/3) Vaults:3
 Depths (4/4) D:15            Zot (1/5) Depths:4    Ossuary (visited)
Desolation (visited)      Gauntlet (visited)
  Slime: Lair:4-5

Altars:
Ashenzari
Dithmenos
Fedhas
Gozag
Kikubaaqudgha
Makhleb
Nemelex Xobeh
Okawaru
Ru
Sif Muna
Trog
Vehumet
Xom
Yredelemnul
Zin
Jiyva

Shops:
D:1 *   D:7 !   D:10 *   D:13 ?   Orc:1 *   Orc:2 =*(   Elf:2 *(?   Elf:3 ::
Depths:2 :=:   Depths:4 *

Portals:
Hell: Depths:1 Depths:2 Depths:3 Depths:4
Abyss: Depths:2 Depths:3
Pandemonium: Depths:2
Ziggurat: Depths:3

Annotations:
D:3 1 runed translucent door, Crazy Yiuf
Lair:1 3 runed translucent doors
Lair:4 exclusion: 3 oklob plants
Elf:2 3 runed translucent doors
Elf:3 3 exclusions
Vaults:4 3 runed translucent doors, heteroy's ghost, veteran GrEE
Depths:2 3 runed translucent doors, Plog's ghost, adept DgCj


Innate Abilities, Weirdness & Mutations

You have a beak for a mouth.
You have claws for feet.
Your magical flight helps you evade attacks. (EV +4)
You can magically evade attacks while moving or waiting.
Your body sometimes deteriorates upon taking damage.


Message History

The red draconian is almost dead.
You block the red draconian's attack.
Unknown command.
You perforate the red draconian like a sieve!!!
You kill the red draconian!
Okawaru accepts your kill. The red draconian breathes fire at you.
The searing blast hits you. You resist.
* * * LOW HITPOINT WARNING * * *
Unknown command.
You barely miss the red draconian. You claw the red draconian!
Your peck misses the red draconian.
The red draconian is heavily wounded.
You block the red draconian's attack.
Unknown command.
You hit the red draconian.
The red draconian writhes in agony!
You claw the red draconian!
You peck the red draconian, but do no damage.
The red draconian is severely wounded.
Unknown command.
You sock the red draconian!
The red draconian writhes in agony!
You claw the red draconian. You peck the red draconian.
The red draconian is almost dead.
You block the red draconian's attack.
Unknown command.
You sock the red draconian!
You kill the red draconian!
Okawaru accepts your kill.
Unknown command.
You impale the red draconian!!
The red draconian writhes in agony.
You peck the red draconian, but do no damage.
The red draconian is severely wounded.
Unknown command.
You puncture the red draconian!
The red draconian writhes in agony.
You claw the red draconian!
The red draconian is almost dead.
You block the red draconian's attack.
The purple draconian shifter breathes dispelling energy at you.
The bolt of dispelling energy hits you!!!
You die...

.##
#..[○........#
..#
#............#
.## #......#
## #......# .#
#......# .#
#.q....# .#
#.).)..#### .#
#.)))d....# .#
#○.)@)....# .#
#..)))...># .#
#.........# .#
#☼.....)..# .#
#......#### .#
#......# .#
#......# .##
#......####
..#
##........#


You could see a red draconian and a purple draconian shifter (catching breath).

Vanquished Creatures
  Frederick (Depths:4)
  3 juggernauts
  Vv (Zot:1)
  Boris (5 times) (Vaults:1 Vaults:2 Crypt:1 Depths:1 Depths:4)
  Parghit (Depths:4)
  2 caustic shrikes (Depths:3)
  Vashnia (Snake:2)
  Nikola (Shoals:4)
  A profane servitor (Abyss:3)
  6 golden dragons
  3 bone dragons
  Zenata (Elf:3)
  A walking crystal tome (Depths:3)
  A hellephant (Abyss:4)
  Asterion (Elf:3)
  7 tentacled monstrosities
  Jorgrun (Shoals:2)
  Mlioglotl (Shoals:1)
  6 liches
  A walking frostbound tome (Depths:1)
  2 titans (Depths:3)
  2 quicksilver dragons
  2 deep elf blademasters (Elf:3)
  An Executioner (Abyss:3)
  4 sphinxes
  2 krakens
  2 deep elf master archers (Elf:3)
  4 ancient champions
  A death cob (Zot:1)
  15 tentacled starspawn
  Frances (Shoals:1)
  2 shadow dragons
  5 tengu reavers
  6 nagarajas (Snake:4)
  A storm dragon (Depths:1)
  2 revenants
  Aizul (Snake:4)
  Donald (Shoals:1)
  10 fire giants
  Ilsuiw (Shoals:3)
  7 vault wardens
  A draconian knight (Zot:1)
  5 deep elf sorcerers
  A ghost moth (Abyss:3)
  6 frost giants
  2 draconian stormcallers (Zot:1)
  Louise (Shoals:1)
  A curse skull (Crypt:1)
  An orc warlord (Vaults:1)
  3 draconian shifters
  5 deep elf elementalists (Elf:3)
  21 very ugly things
  9 ghouls
  An imperial myrmidon (Desolation)
  17 ironbound preservers
  A spriggan defender (Depths:1)
  A draconian annihilator (Depths:4)
  11 stone giants
  7 ironbound thunderhulks
  2 green draconians (Zot:1)
  9 vampire knights
  3 black draconians
  8 deep elf death magi
  6 deep elf demonologists
  3 war gargoyles
  4 yellow draconians
  A white draconian (Zot:1)
  5 deep elf annihilators (Elf:3)
  15 dire elephants
  5 red draconians
  4 purple draconians
  Azrael (D:12)
  3 spark wasps (Depths:3)
  Snorg (D:13)
  A minotaur (Gauntlet)
  A green death (Abyss:3)
  3 blizzard demons (Abyss:3)
  14 ettins
  3 eidola
  8 merfolk impalers
  The ghost of TheRegalBeagle the Basher, a journeyman OnBe of Trog (D:11)
  2 merfolk javelineers
  Josephine (Orc:1)
  4 yaktaur captains
  A spriggan zombie (Abyss:3)
  8 fire dragons
  Harold (Orc:1)
  14 jiangshi
  5 deep elf high priests
  A servant of whispers (Desolation)
  5 great orbs of eyes
  11 ice dragons
  3 entropy weavers
  5 rakshasas
  2 hydras
  3 peacekeepers
  A hell beast (Depths:1)
  A ragged hierophant (Desolation)
  A sphinx zombie (Vaults:1)
  4 spriggan air magi
  2 alligator snapping turtles
  4 vault guards
  3 ogre magi
  3 death knights
  A quicksilver dragon skeleton (Abyss:3)
  3 merfolk avatars
  12 boulder beetles
  3 ironbound frosthearts
  12 two-headed ogres
  11 anacondas
  16 dancing weapons
  14 centaur warriors
  15 naga warriors
  3 satyrs
  4 deep troll shamans
  4 merfolk aquamancers (Shoals:4)
  8 vampire magi
  12 death yaks
  A hell hog (Depths:1)
  A sphinx skeleton (Vaults:1)
  3 orc high priests (Orc:2)
  3 occultists
  2 deep troll earth magi
  4 spriggan berserkers (Depths:3)
  11 thrashing horrors
  7 shock serpents
  16 hell knights
  3 sun demons
  7 tengu warriors
  26 naga sharpshooters
  Nergalle (D:12)
  16 deep elf knights
  An emperor scorpion zombie (Crypt:2)
  10 soul eaters
  A storm dragon zombie (Vaults:4)
  3 skysharks
  9 wretched stars
  2 titan skeletons (Crypt:2)
  4 iron trolls (Depths:1)
  3 sixfirhies
  6 salamander mystics
  7 flayed ghosts
  A spatial maelstrom (Abyss:3)
  10 skeletal warriors
  70 deep trolls
  Lodul (D:13)
  5 mana vipers
  A spriggan simulacrum (Abyss:3)
  9 sea snakes
  13 deep elf archers
  An orb spider (Abyss:4)
  A bog body (Crypt:1)
  15 ironbound convokers
  4 glowing orange brains
  A steelbarb worm (shapeshifter) (Vaults:2)
  28 deep elf zephyrmancers
  4 phantasmal warriors
  3 naga ritualists
  5 arcanists
  19 harpies
  6 necromancers
  7 lindwurms
  9 orc knights
  A harpy (shapeshifter) (D:15)
  34 deep elf pyromancers
  45 ugly things
  13 cyclopes
  A faun (shapeshifter) (Vaults:2)
  Maurice (D:12)
  2 wolf spiders (Lair:1)
  5 orc sorcerers
  10 manticores
  19 salamanders
  6 fauns
  5 moths of wrath
  7 elephants
  3 meliai (D:13)
  9 merfolk sirens
  4 guardian serpents
  3 worldbinders (Abyss:3)
  A human skeleton (Vaults:1)
  A rust devil (D:15)
  2 torpor snails
  2 water nymphs (shapeshifter)
  35 black mambas
  4 kobold blastminers
  2 apocalypse crabs
  18 naga magi
  5 water nymphs
  5 vault sentinels
  An eye of devastation (shapeshifter) (Vaults:2)
  Maggie (D:8)
  A torpor snail (shapeshifter) (Vaults:2)
  20 cane toads
  A black draconian zombie (Crypt:2)
  7 smoke demons
  23 large abominations
  2 gargoyles
  A shock serpent skeleton (Crypt:2)
  4 unseen horrors
  A hellion (Abyss:2)
  2 rime drakes
  10 komodo dragons
  30 yaktaurs
  A tormentor (Abyss:3)
  A rime drake (shapeshifter) (D:11)
  An efreet (Abyss:3)
  3 freezing wraiths
  4 tengu conjurers
  A black draconian skeleton (Crypt:1)
  A red devil (D:15)
  2 harpy zombies
  9 ancient zymes
  2 silent spectres (Abyss:3)
  A queen bee (D:9)
  A death drake zombie (Crypt:2)
  19 merfolk
  A polar bear (shapeshifter) (Abyss:3)
  A yaktaur skeleton (Vaults:1)
  A hellwing (Abyss:3)
  6 saltlings
  A tengu simulacrum (Vaults:4)
  4 hornets
  8 trolls
  2 polar bears
  A wind drake (Shoals:1)
  2 glass eyes
  12 raiju
  A raiju (shapeshifter) (D:15)
  20 blink frogs
  4 tarantellas
  A fire dragon zombie (Crypt:2)
  A human simulacrum (Vaults:4)
  12 snapping turtles
  A radroach zombie (Crypt:1)
  13 dream sheep
  38 slime creatures
  7 ynoxinuls
  A jumping spider (Lair:1)
  3 shadows
  An air elemental (Elf:3)
  8 small abominations
  A culicivora (shapeshifter) (Depths:3)
  A fire dragon skeleton (Crypt:1)
  12 water elementals
  8 wraiths
  2 fire bats (Abyss:3)
  10 fire elementals
  37 yaks
  A slime creature zombie (Crypt:1)
  18 wyverns
  3 chaos spawn
  2 basilisks
  2 wargs (Orc:1)
  5 neqoxecs
  9 redbacks
  3 steam dragons
  10 vampire mosquitoes
  A wind drake skeleton (Crypt:1)
  46 nagas
  Edmund (D:5)
  A water moccasin (shapeshifter) (D:15)
  22 water moccasins
  5 acid dragons
  5 hell hounds
  16 orc warriors
  5 black bears
  A glowing shapeshifter skeleton (Vaults:4)
  3 sky beasts
  An ettin simulacrum (Vaults:4)
  38 laughing skulls
  3 ice beasts
  11 ogres
  A hog zombie (Crypt:2)
  9 centaurs
  2 weeping skulls (Abyss:3)
  2 kobold brigands
  3 elf zombies (Ossuary)
  4 brain worms
  7 bullfrogs
  A draconian skeleton (Crypt:1)
  3 necrophages
  3 gnoll sergeants
  2 earth elementals
  3 scorpions
  14 wights
  29 killer bees
  6 electric eels
  2 howler monkeys (D:12)
  A wolf zombie (Crypt:1)
  3 lava snakes (Lair:2)
  A crimson imp (Abyss:3)
  3 quasits
  A bullfrog zombie (Crypt:2)
  2 centaur zombies (Ossuary)
  2 hounds
  4 jellies
  An iron imp (Abyss:3)
  6 human zombies
  13 orc priests
  16 starcursed masses
  3 sleepcaps
  27 orc wizards
  Natasha (thrice) (D:3)
  3 hound zombies (Ossuary)
  A hound skeleton (Crypt:2)
  3 mummies
  Robin (D:3)
  13 gnolls
  13 adders
  3 shadow imps (Abyss:3)
  4 white imps
  5 ufetubi
  6 adder zombies (Ossuary)
  A jelly zombie (Crypt:2)
  2 dart slugs (D:2)
  4 ribbon worms
  62 orcs
  7 ball pythons
  4 endoplasms
  4 giant cockroaches
  3 gnoll zombies (Ossuary)
  8 hobgoblins
  3 quokkas
  6 bats
  2 frilled lizards
  19 goblins
  3 jackal zombies (Ossuary)
  12 kobolds
  6 kobold zombies (Ossuary)
  7 orc zombies (Ossuary)
  7 rats
  6 starspawn tentacles
  6 tentacles
2102 creatures vanquished.

Vanquished Creatures (others)
  A fire giant (Depths:1)
  A rakshasa (Depths:1)
  A thrashing horror (Abyss:2)
  A deep elf zephyrmancer (Elf:2)
  2 deep elf pyromancers
  2 saltlings (Desolation)
  A water elemental (Elf:2)
  A fire bat (Abyss:3)
  A starcursed mass (Abyss:3)
  4 lurking horrors (Abyss:3)
  33 starspawn tentacles
  11 tentacles
59 creatures vanquished.

Grand Total: 2161 creatures vanquished

Notes
Turn   | Place    | Note
-------+----------+-------------------------------------------
     0 | D:1      | BeingJoeMalik the Tengu Fighter began the quest for the
                  | Orb.
     0 | D:1      | Reached XP level 1. HP: 14/14 MP: 2/2
    74 | D:1      | Found Adefol's General Store.
   160 | D:1      | Reached XP level 2. HP: 17/19 MP: 3/3
   726 | D:2      | Reached XP level 3. HP: 23/23 MP: 4/4
   906 | D:2      | Found a radiant altar of Vehumet.
   916 | D:2      | Reached XP level 4. HP: 28/28 MP: 5/5
  1062 | D:2      | Reached skill level 5 in Maces & Flails
  1321 | D:3      | Noticed Natasha
  1335 | D:3      | Killed Natasha
  1336 | D:3      | Reached XP level 5. HP: 30/32 MP: 6/6
  1406 | D:3      | Found a blossoming altar of Fedhas.
  1626 | D:3      | Identified the +1 helmet "Tucheor" {rElec Will- Regen+
                  | Dex-4}
  1626 | D:3      | Noticed Robin
  1644 | D:3      | Killed Robin
  1711 | D:3      | Found a runed translucent door.
  1712 | D:3      | Noticed Crazy Yiuf
  1855 | D:3      | Found an iron altar of Okawaru.
  1863 | D:3      | Became a worshipper of Warmaster Okawaru
  2136 | D:3      | Noticed Natasha
  2141 | D:3      | Killed Natasha
  2199 | D:3      | Noticed Natasha
  2207 | D:3      | Killed Natasha
  2208 | D:3      | Reached XP level 6. HP: 37/37 MP: 7/7
  2508 | D:4      | Reached * piety under Okawaru
  2602 | D:4      | Found a burning altar of Makhleb.
  2609 | D:4      | Noticed a balrug
  2620 | D:4      | Noticed an orange demon
  2620 | D:4      | Noticed a ynoxinul
  2695 | D:4      | Gained mutation: Your magical flight helps you evade
                  | attacks. (EV +4) [Tengu growth]
  2695 | D:4      | Reached XP level 7. HP: 41/41 MP: 8/8
  2739 | D:5      | Entered Level 5 of the Dungeon
  2768 | D:5      | Noticed Edmund
  3022 | D:5      | Killed Edmund
  3022 | D:5      | Reached ** piety under Okawaru
  3047 | D:5      | Reached XP level 8. HP: 46/48 MP: 9/9
  3491 | D:6      | Noticed a manticore
  3603 | D:6      | Reached skill level 10 in Maces & Flails
  3720 | D:6      | Killed a manticore
  3720 | D:6      | Reached *** piety under Okawaru
  3816 | D:6      | Found a sand-covered staircase.
  3823 | Ossuary  | Entered an ossuary
  3970 | Ossuary  | Reached skill level 5 in Fighting
  3970 | Ossuary  | Reached XP level 9. HP: 54/54 MP: 10/10
  4066 | Ossuary  | Reached skill level 1 in Dodging
  4155 | D:6      | Identified a scroll of acquirement
  4155 | D:6      | Acquired the +2 pair of gloves of the Loofah {rC+ rCorr
                  | MP+9 Str+3}
  4345 | D:6      | Found a staircase to the Ecumenical Temple.
  4435 | D:7      | Reached **** piety under Okawaru
  4805 | D:7      | Found a shadowy altar of Dithmenos.
  4914 | D:7      | Found a broken altar of Ashenzari.
  5086 | D:7      | Got the Guide on the Flock and Haze
  5207 | D:7      | Found Zozah's Distillery.
  5217 | D:7      | Reached XP level 10. HP: 54/61 MP: 11/11
  5266 | D:7      | Bought a potion of curing for 30 gold pieces
  5475 | D:8      | Reached ***** piety under Okawaru
  5538 | D:8      | Noticed a skeletal warrior
  5565 | D:8      | Killed a skeletal warrior
  5597 | D:8      | Reached skill level 4 in Shields
  5638 | D:8      | Noticed a skeletal warrior
  5638 | D:8      | Noticed a skeletal warrior
  5638 | D:8      | Noticed a skeletal warrior
  5933 | D:8      | Paralysed by a hornet for 2 turns
  6020 | D:8      | Noticed a skeletal warrior
  6053 | D:8      | Killed a skeletal warrior
  6101 | D:8      | Noticed Maggie
  6101 | D:8      | Noticed a death yak
  6128 | D:8      | Killed Maggie
  6163 | D:8      | Noticed a death yak
  6163 | D:8      | Noticed a death yak
  6163 | D:8      | Noticed a death yak
  6189 | D:8      | Killed a death yak
  6195 | D:8      | Noticed a death yak
  6202 | D:8      | Killed a death yak
  6202 | D:8      | Received a gift from Okawaru
  6202 | D:8      | Noticed a death yak
  6203 | D:8      | Reached skill level 5 in Dodging
  6203 | D:8      | Reached skill level 5 in Shields
  6203 | D:8      | Reached XP level 11. HP: 53/68 MP: 12/12
  6214 | D:8      | Killed a death yak
  6219 | D:8      | Killed a death yak
  6224 | D:8      | Killed a death yak
  6235 | D:8      | Killed a death yak
  6361 | D:8      | Found a staircase to the Lair.
  6532 | D:7      | Killed a skeletal warrior
  6532 | D:7      | Received a gift from Okawaru
  6533 | D:7      | Reached skill level 6 in Shields
  6649 | D:8      | Found a glowing silver altar of Zin.
  6894 | D:8      | Found a sparkling altar of Nemelex Xobeh.
  6943 | D:8      | Killed a skeletal warrior
  6973 | D:8      | Killed a skeletal warrior
  7087 | D:9      | Noticed a two-headed ogre
  7104 | D:9      | Killed a two-headed ogre
  7330 | D:9      | Reached skill level 15 in Maces & Flails
  7430 | D:9      | Found a basalt altar of Yredelemnul.
  7690 | D:9      | Reached skill level 7 in Shields
  7773 | D:9      | Received a gift from Okawaru
  7878 | D:9      | Reached XP level 12. HP: 76/76 MP: 13/13
  8169 | D:10     | Entered Level 10 of the Dungeon
  8215 | D:10     | Found Kerutem's Assorted Antiques.
  8570 | D:1      | Bought a potion of experience for 500 gold pieces
  8570 | D:1      | Reached XP level 13. HP: 80/80 MP: 19/19
  8938 | D:10     | Reached skill level 8 in Shields
  9763 | D:11     | Found a bloodstained altar of Trog.
  9764 | D:11     | Noticed TheRegalBeagle's ghost (journeyman OnBe)
  9764 | D:11     | Found the +0 mask of the Dragon {Will+ Slay+3 SInv}
  9951 | D:11     | Noticed a fire giant
 10157 | Lair:1   | Entered Level 1 of the Lair of Beasts
 10242 | Lair:1   | Reached skill level 9 in Shields
 10298 | Lair:1   | Reached skill level 10 in Fighting
 10577 | Lair:1   | Received a gift from Okawaru
 10888 | Lair:1   | Identified the +2 falchion of the Teaching Visionary
                  | {drain, rPois}
 11149 | D:10     | Bought a thin soapstone amulet for 125 gold pieces
 11384 | Lair:1   | Found a runed translucent door.
 11718 | Lair:1   | Found a runed translucent gate.
 11730 | Lair:1   | Reached skill level 10 in Shields
 11919 | Lair:1   | Found a runed translucent gate.
 11926 | Lair:1   | Found a runed translucent gate.
 11926 | Lair:1   | Found a runed translucent gate.
 11926 | Lair:1   | Found a runed translucent gate.
 11928 | Lair:1   | Found a runed translucent gate.
 11960 | Lair:1   | Received a gift from Okawaru
 12167 | Lair:2   | Found a staircase to the Snake Pit.
 13618 | Lair:2   | Reached XP level 14. HP: 77/88 MP: 20/20
 13903 | D:10     | Bought a wooden ring for 125 gold pieces
 14284 | Lair:3   | Found a staircase to the Shoals.
 14420 | Lair:3   | Received a gift from Okawaru
 14421 | Lair:3   | Reached skill level 11 in Shields
 15462 | Lair:4   | Found a viscous altar of Jiyva.
 15790 | Lair:4   | Reached skill level 10 in Dodging
 16241 | Lair:5   | Entered Level 5 of the Lair of Beasts
 16337 | Lair:4   | Received a gift from Okawaru
 16524 | Lair:5   | Received a gift from Okawaru
 16615 | Lair:5   | Found a gate leading to a gauntlet.
 16625 | Gauntlet | Entered a Gauntlet
 16625 | Gauntlet | Found a transporter.
 16730 | Gauntlet | Found a transporter.
 16734 | Gauntlet | Found a transporter.
 16738 | Gauntlet | Found a runed translucent door.
 16740 | Gauntlet | Found a runed translucent door.
 16742 | Gauntlet | Found a transporter.
 16746 | Gauntlet | Found a transporter.
 16751 | Gauntlet | Found a transporter.
 16758 | Gauntlet | Found a transporter.
 16759 | Gauntlet | Found a transporter.
 16767 | Gauntlet | Found a transporter.
 16770 | Gauntlet | Found a transporter.
 16777 | Gauntlet | Found a runed translucent door.
 16780 | Gauntlet | Found a transporter.
 16799 | Gauntlet | Found a transporter.
 16811 | Gauntlet | Found a transporter.
 16837 | Gauntlet | Found a transporter.
 16990 | Gauntlet | Reached XP level 15. HP: 96/96 MP: 21/21
 16996 | Gauntlet | Identified the +1 pair of boots "Byix" {Slay+4}
 17620 | Lair:5   | Received a gift from Okawaru
 17691 | Lair:5   | Reached skill level 12 in Shields
 17734 | Lair:5   | Paralysed by a hornet for 1 turns
 17739 | Lair:5   | Paralysed by a hornet for 2 turns
 18357 | Lair:5   | Reached XP level 16. HP: 90/103 MP: 22/22
 19019 | D:11     | Received a gift from Okawaru
 19554 | D:11     | Found a staircase to the Orcish Mines.
 19919 | D:11     | Identified the staff of Riotuij {rPois Dex-4 Hexes Necro
                  | Tloc Alchemy}
 19933 | D:11     | Noticed a tengu reaver
 19959 | D:11     | Reached skill level 1 in Ranged Weapons
 19961 | D:11     | Killed a tengu reaver
 20590 | D:11     | Found a transporter.
 20593 | D:11     | Found a transporter.
 20812 | Orc:1    | Entered Level 1 of the Orcish Mines
 20975 | Orc:1    | Found Ruompela's General Store.
 21058 | Orc:1    | Bought a potion of degeneration for 18 gold pieces
 21058 | Orc:1    | Bought a potion of curing for 54 gold pieces
 21195 | Orc:1    | Noticed Harold
 21206 | Orc:1    | Killed Harold
 21600 | Orc:2    | Entered Level 2 of the Orcish Mines
 21751 | Orc:1    | Noticed Josephine
 21782 | Orc:1    | Killed Josephine
 22273 | Orc:2    | Found a staircase to the Elven Halls.
 22494 | Orc:2    | Reached skill level 13 in Shields
 23233 | Orc:2    | Found Zarajooc's Antique Weapon Boutique.
 23233 | Orc:2    | Found Oqurgh's Book Boutique.
 23261 | Orc:2    | Found Xefed's General Store.
 23261 | Orc:2    | Found Tenka's Jewellery Emporium.
 23530 | D:12     | Noticed Maurice
 23543 | D:12     | Something stole 16 silver javelins
 23546 | D:12     | Killed Maurice
 23546 | D:12     | Received a gift from Okawaru
 23879 | D:12     | Noticed Nergalle
 23900 | D:12     | Killed Nergalle
 24281 | D:12     | Noticed Azrael
 24321 | D:12     | Killed Azrael
 25384 | D:10     | Bought a scroll of acquirement for 1300 gold pieces
 25384 | D:10     | Acquired the +7 sceptre of Torment {pain, torment}
 25384 | D:10     | Found the +7 sceptre of Torment {pain, torment}
 25613 | D:13     | Reached skill level 1 in Staves
 25613 | D:13     | Reached skill level 1 in Necromancy
 25853 | D:13     | Found Zuaraqa's Magic Scroll Emporium.
 25861 | D:13     | Noticed Lodul
 25885 | D:13     | Killed Lodul
 26124 | D:13     | Noticed Snorg
 26132 | D:13     | Killed Snorg
 26472 | D:13     | Received a gift from Okawaru
 26476 | D:13     | Reached XP level 17. HP: 98/110 MP: 23/23
 26701 | D:13     | Found a gate to the Vaults.
 26931 | D:14     | Learned a level 3 spell: Vampiric Draining
 27631 | D:15     | Entered Level 15 of the Dungeon
 28065 | D:1      | Bought a potion of heal wounds for 50 gold pieces
 28191 | D:7      | Bought a potion of heal wounds for 50 gold pieces
 28191 | D:7      | Bought a potion of heal wounds for 50 gold pieces
 28191 | D:7      | Bought a potion of haste for 100 gold pieces
 28191 | D:7      | Bought a potion of haste for 100 gold pieces
 28191 | D:7      | Bought a potion of invisibility for 80 gold pieces
 28407 | Elf:1    | Entered Level 1 of the Elven Halls
 29146 | Elf:1    | Reached ****** piety under Okawaru
 29152 | Elf:1    | Acquired the +1 cloak "Cybb" {-Cast rF+++ rC++}
 29152 | Elf:1    | Received a gift from Okawaru
 29401 | Elf:1    | HP: 5/112 [poisoned by a +2 glaive of venom]
 29731 | Elf:1    | Reached skill level 5 in Necromancy
 29762 | Elf:1    | Reached skill level 15 in Fighting
 29762 | Elf:1    | Reached skill level 5 in Staves
 30341 | Elf:1    | Reached skill level 14 in Shields
 30350 | Elf:1    | Received a gift from Okawaru
 30982 | Elf:2    | Found Ycziuz's Magic Scroll Shop.
 31565 | Elf:2    | Reached XP level 18. HP: 120/120 MP: 24/24
 31675 | Elf:2    | Found a runed translucent gate.
 31675 | Elf:2    | Found a runed translucent gate.
 31676 | Elf:2    | Found a runed translucent gate.
 31735 | Elf:2    | Found Xuathredd's Antique Weapon Boutique.
 31773 | Elf:2    | Found Qewoih's General Store.
 31829 | Elf:2    | Received a gift from Okawaru
 32065 | Elf:3    | Entered Level 3 of the Elven Halls
 32065 | Elf:3    | Noticed Zenata
 32336 | Elf:3    | Identified the +6 scimitar of Eliqoc Max {freeze, *Noise
                  | Will+ SInv}
 32400 | Abyss:2  | Cast into level 2 of the Abyss (a deep elf demonologist)
 32886 | Elf:3    | Escaped the Abyss
 33444 | Elf:3    | Paralysed by an air elemental for 1 turns
 33458 | Elf:3    | Killed Zenata
 33458 | Elf:3    | Received a gift from Okawaru
 33576 | Elf:3    | Identified the +6 ring mail of Duck's Teeth {rN+++ Str-5
                  | SInv Stlth-}
 33576 | Elf:3    | Noticed a deep elf master archer
 33580 | Elf:3    | Killed a deep elf master archer
 34149 | Elf:3    | Noticed Asterion
 34156 | Elf:3    | Killed Asterion
 34157 | Elf:3    | Reached skill level 15 in Shields
 34459 | Elf:3    | Identified the +6 short sword of Wyrd {vamp, Will+}
 34460 | Elf:3    | Received a gift from Okawaru
 34648 | Elf:3    | Identified the +2 dagger "Egik" {freeze, *Rage rElec Int+7}
 34916 | Elf:3    | Found Umoimm's Book Shop.
 34978 | Elf:3    | Noticed a deep elf blademaster
 34988 | Elf:3    | Killed a deep elf blademaster
 34989 | Elf:3    | Reached XP level 19. HP: 67/129 MP: 17/25
 35254 | Elf:3    | Found Puceutie's Book Shoppe.
 35354 | Elf:3    | Identified the +3 war axe "Qianejamn" {heavy, Dex+3}
 35863 | Elf:3    | Identified the staff "Wuchimef" {rElec rPois rF+ Hexes Air}
 35865 | Elf:3    | Got Tusiobb's Secrets of Shocking Invitation
 35900 | Elf:3    | Got Ryddegge's Catalogue of Gusty Terrain
 35901 | Elf:3    | Identified the +6 orcbow "Monal" {drain, +Blink Str-2 Int+3
                  | Stlth+}
 35935 | Elf:3    | Acquired the +3 eveningstar of Experimentation {heavy,
                  | rElec rC+}
 35935 | Elf:3    | Received a gift from Okawaru
 36320 | Orc:2    | Bought a ring of poison resistance for 280 gold pieces
 36601 | Snake:1  | Entered Level 1 of the Snake Pit
 36610 | Snake:1  | Identified the +4 buckler of the Gazing Gods {rElec rF+
                  | Str+4 Int+3}
 37213 | Snake:1  | Received a gift from Okawaru
 38735 | Snake:2  | Noticed Vashnia
 39054 | Snake:2  | Killed Vashnia
 39055 | Snake:2  | Reached skill level 16 in Shields
 39625 | Snake:2  | Received a gift from Okawaru
 41177 | Snake:4  | Entered Level 4 of the Snake Pit
 41295 | Snake:4  | Identified the serpent talisman "Nethoacw" {+Blink rF- rC+
                  | Str+4 Int+5}
 41295 | Snake:4  | Noticed Aizul
 41305 | Snake:4  | Killed Aizul
 41306 | Snake:4  | Reached XP level 20. HP: 89/139 MP: 23/26
 41467 | Snake:4  | Reached skill level 10 in Staves
 41514 | Snake:4  | Received a gift from Okawaru
 41515 | Snake:4  | Reached skill level 10 in Necromancy
 42580 | Snake:4  | Reached skill level 17 in Shields
 42976 | Snake:4  | Received a gift from Okawaru
 43274 | Snake:4  | Got a serpentine rune of Zot
 43629 | Shoals:1 | Entered Level 1 of the Shoals
 43630 | Shoals:1 | Identified the +3 tower shield of Watchfulness {^Contam
                  | rElec rN+ rCorr}
 43630 | Shoals:1 | Noticed Louise
 43640 | Shoals:1 | Killed Louise
 43714 | Shoals:1 | Noticed Donald
 43714 | Shoals:1 | Noticed Mlioglotl
 43749 | Shoals:1 | Killed Mlioglotl
 43754 | Shoals:1 | Killed Donald
 43939 | Shoals:1 | Noticed Frances
 43946 | Shoals:1 | Killed Frances
 44109 | Shoals:1 | Received a gift from Okawaru
 44794 | Shoals:2 | Found a shimmering altar of Xom.
 44854 | Shoals:2 | Found a shimmering blue altar of Sif Muna.
 45446 | Shoals:3 | Noticed Jorgrun
 45457 | Shoals:2 | Killed Jorgrun
 46514 | Shoals:4 | Entered Level 4 of the Shoals
 46514 | Shoals:4 | Noticed Nikola
 46742 | Shoals:4 | Noticed Ilsuiw
 46924 | Shoals:3 | Killed Ilsuiw
 46925 | Shoals:3 | Reached skill level 18 in Shields
 47060 | Shoals:4 | Identified the +0 crystal plate armour of Hepliaklqana's
                  | Anger {Harm +Inv Regen+ Int-3}
 47265 | Shoals:4 | Killed Nikola
 47266 | Shoals:4 | Reached XP level 21. HP: 145/145 MP: 27/27
 47314 | Shoals:4 | Received a gift from Okawaru
 47476 | Shoals:4 | Identified the ring of Inesir {rC+ rN+ rCorr Dex+6}
 48326 | Shoals:4 | Got a barnacled rune of Zot
 48762 | Vaults:1 | Entered Level 1 of the Vaults
 49244 | Vaults:1 | Received a gift from Okawaru
 49677 | Vaults:1 | Noticed Boris
 49697 | Vaults:1 | Killed Boris
 49996 | Vaults:1 | Reached skill level 19 in Shields
 50220 | Vaults:1 | Reached skill level 5 in Ranged Weapons
 50222 | Vaults:1 | Received a gift from Okawaru
 50281 | Vaults:1 | You are sucked into a shaft and drop 1 floor!
 50927 | Vaults:2 | Reached XP level 22. HP: 140/153 MP: 28/28
 50985 | Vaults:2 | Noticed Boris
 50998 | Vaults:2 | Killed Boris
 51006 | Vaults:2 | Received a gift from Okawaru
 52177 | Vaults:1 | Received a gift from Okawaru
 52179 | Vaults:1 | Reached skill level 20 in Shields
 52556 | Vaults:3 | Noticed a golden dragon
 52584 | Vaults:3 | Found a staircase to the Crypt.
 52776 | Vaults:3 | Found a crumbling gateway.
 52780 | Desolati | Entered the Desolation of Salt
 53261 | Vaults:3 | Reached skill level 10 in Armour
 53309 | Vaults:3 | Received a gift from Okawaru
 53610 | Vaults:3 | Found a portal to a secret trove of treasure.
 53627 | Vaults:3 | You paid a toll of a +6 demon whip to enter a treasure
                  | trove
 53628 | Trove    | Entered a treasure trove
 53646 | Trove    | Identified the ring of Heomad {rElec rC+ rCorr Dex-5}
 53650 | Trove    | Identified the amulet "Oxkexass" {Reflect rF+ rC+ SH+5}
 53658 | Trove    | Identified the ring of Axteloru {rC+ Str+6 Int-3}
 54371 | Vaults:4 | Received a gift from Okawaru
 54917 | Vaults:4 | Reached skill level 10 in Ranged Weapons
 55230 | Vaults:4 | Reached XP level 23. HP: 139/160 MP: 29/29
 55486 | Vaults:4 | Received a gift from Okawaru
 55667 | Vaults:4 | Found a runed translucent gate.
 55667 | Vaults:4 | Found a runed translucent gate.
 55667 | Vaults:4 | Found an ancient bone altar of Kikubaaqudgha.
 55667 | Vaults:4 | Found a runed translucent gate.
 55667 | Vaults:4 | Noticed a dread lich
 55667 | Vaults:4 | Noticed heteroy's ghost (veteran GrEE)
 56134 | D:11     | Killed TheRegalBeagle's ghost
 56361 | Crypt:1  | Entered Level 1 of the Crypt
 56403 | Crypt:1  | Reached skill level 21 in Shields
 56861 | Crypt:1  | Received a gift from Okawaru
 56872 | Crypt:1  | Noticed Boris
 56884 | Crypt:1  | Killed Boris
 57562 | Crypt:1  | Received a gift from Okawaru
 57865 | D:15     | Found the +7 mace of Variability {chaos, chaos arc}
 58107 | D:15     | Found a staircase to the Depths.
 58721 | Depths:1 | Entered Level 1 of the Depths
 58730 | D:15     | Received a gift from Okawaru
 59355 | Depths:1 | Noticed Boris
 59371 | Depths:1 | Killed Boris
 59527 | Depths:1 | Found a gateway to Hell.
 59539 | Depths:1 | Reached XP level 24. HP: 161/167 MP: 29/29
 59888 | Depths:1 | Reached skill level 22 in Shields
 60041 | Depths:1 | Received a gift from Okawaru
 60179 | Depths:1 | Reached skill level 15 in Necromancy
 60214 | Depths:1 | Found an opulent altar of Gozag.
 60394 | Depths:2 | Found an ancient bone altar of Kikubaaqudgha.
 60471 | Depths:2 | Found a one-way gate to the infinite horrors of the Abyss.
 60515 | Depths:2 | Found a one-way gate leading to the halls of Pandemonium.
 60826 | Depths:2 | Received a gift from Okawaru
 60857 | Depths:2 | Found a runed translucent gate.
 60857 | Depths:2 | Found a runed translucent gate.
 60857 | Depths:2 | Found a runed translucent gate.
 60862 | Depths:2 | Identified the +1 robe of Qebo {rF+ Dex+3}
 60870 | Depths:2 | Noticed Plog's ghost (adept DgCj)
 60898 | Depths:2 | Found Xairihex's Book Shoppe.
 60900 | Depths:2 | Found Ebuvvus's Jewellery Boutique.
 60901 | Depths:2 | Found Qecur's Book Shoppe.
 61464 | Depths:3 | Found a one-way gateway to a ziggurat.
 61679 | Depths:3 | Found a sparkling altar of Nemelex Xobeh.
 61680 | Depths:3 | Found a blossoming altar of Fedhas.
 61680 | Depths:3 | Found a sacrificial altar of Ru.
 61710 | Depths:3 | Noticed a caustic shrike
 61714 | Depths:3 | Killed a caustic shrike
 61856 | Depths:3 | Noticed a juggernaut
 61864 | Depths:3 | Killed a juggernaut
 61876 | Depths:3 | Received a gift from Okawaru
 62023 | Depths:3 | Reached skill level 15 in Ranged Weapons
 62108 | Depths:3 | Reached skill level 15 in Dodging
 62140 | Depths:3 | Received a gift from Okawaru
 62398 | Depths:3 | Identified the +3 leather armour "Ysallor" {rF++}
 62422 | Depths:3 | Noticed a caustic shrike
 62433 | Depths:3 | Killed a caustic shrike
 62764 | Depths:3 | Reached skill level 23 in Shields
 62884 | Depths:3 | Reached XP level 25. HP: 152/173 MP: 29/29
 62887 | Depths:3 | Noticed a juggernaut
 62895 | Depths:3 | Killed a juggernaut
 63176 | Depths:3 | Found the +11 plutonium sword {^Contam Stlth-}
 63408 | Depths:3 | Acquired 835 gold pieces
 63410 | Depths:3 | Acquired a manual of Armour
 63411 | Depths:3 | Acquired 888 gold pieces
 63439 | Depths:4 | Entered Level 4 of the Depths
 63535 | Depths:4 | Identified the orb "Ucsown" {light, Dex+3 Tloc}
 63535 | Depths:4 | Noticed Frederick
 63541 | Depths:4 | Killed Frederick
 63541 | Depths:4 | Received a gift from Okawaru
 64013 | Depths:4 | Noticed a juggernaut
 64026 | Depths:4 | Killed a juggernaut
 64307 | Depths:4 | Found a gate to the Realm of Zot.
 64499 | Depths:4 | Noticed Boris
 64509 | Depths:4 | Killed Boris
 64616 | Depths:4 | Found Tosoheh's Assorted Antiques.
 64630 | Depths:4 | Bought a scroll of teleportation for 108 gold pieces
 64821 | Depths:4 | Noticed Parghit
 64840 | Depths:4 | Killed Parghit
 64849 | Depths:4 | Received a gift from Okawaru
 65379 | Depths:3 | Voluntarily entered the Abyss.
 65462 | Abyss:3  | Found a corrupted altar of Lugonu.
 65527 | Abyss:3  | Found a corrupted altar of Lugonu.
 65807 | Abyss:3  | Paralysed by accursed screaming for 1 turns
 66401 | Abyss:3  | Gained mutation: Your body sometimes deteriorates upon
                  | taking damage. [a neqoxec]
 66435 | Abyss:3  | Received a gift from Okawaru
 66514 | Abyss:3  | Reached skill level 24 in Shields
 66779 | Abyss:3  | Reached XP level 26. HP: 50/180 MP: 30/30
 67138 | Abyss:4  | Found a corrupted altar of Lugonu.
 67182 | Abyss:4  | Got an abyssal rune of Zot
 67267 | Abyss:4  | Reached skill level 1 in Stealth
 67274 | Depths:3 | Escaped the Abyss
 68110 | Crypt:2  | Received a gift from Okawaru
 68709 | Zot:1    | Entered Level 1 of the Realm of Zot
 69178 | Zot:1    | Noticed Vv
 69195 | Zot:1    | Killed Vv
 69430 | Zot:1    | Killed from afar by a purple draconian shifter

Illustrated notes

Levels and vault maps discovered:
D:1:      roderic_dead_forest, layout_loops_ring, serial_shops, shop
D:2:      layout_rooms, basic_altar, chequers_serial_rivers_marsh,
          minmay_pentomino_p4
D:3:      layout_basic, fedhas_altar_4, lemuel_coloured_pillars_altar,
          minmay_misc_feat_roman, minivault_11, hangedman_abyss_or_decor_stabs,
          st_stairs_6, minmay_misc_feat_rugged, chequers_serial_rivers_large_a,
          uniq_robin, uniq_crazy_yiuf_cottage, uniq_natasha
D:4:      layout_rooms, makhleb_altar_promises_db
D:5:      layout_gridville, serial_bayou_pond_d, uniq_edmund
D:6:      layout_rooms, minmay_temple_entry_from_below_b,
          gup_ossuary_entry_pyramid
D:7:      kb_forest_paths, layout_loops_cross, grunt_dithmenos_smoke,
          mainiacjoe_overflow_surrounded_room, serial_shops, shop
D:8:      layout_loops_cross, nemelex_diamond_rough_becter,
          amcnicky_altar_gilded, dpeg_lair_monsters, uniq_maggie
D:9:      layout_long_grid, mainiacjoe_overflow_catwalk, special_room
          [special_room_bee]
D:10:     layout_roguey, serial_curves, eino_curves_01, eino_curves_03,
          eino_curves_02, eino_curves_02, serial_shops, shop_fountains,
          hangedman_decor_clover_reticule, grunt_decor_mini_mirrors,
          serial_bayou_lagoon_b
D:11:     minmay_complete_graph, layout_loops_corners,
          gammafunk_ghost_wrathful_warriors
D:12:     layout_stronghold, uniq_azrael, uniq_nergalle, uniq_maurice
D:13:     layout_stronghold, david_vaults_4, serial_shops, shop, uniq_snorg,
          uniq_lodul
D:14:     layout_loops_cross
D:15:     gammafunk_enter_depths_forms, layout_cave_pods,
          hangedman_decor_growths, serial_demonic, serial_demonic_g,
          serial_demonic_f, serial_demonic_e, serial_demonic_f,
          grunt_ministairs_6
Lair:1:   gammafunk_indiana_jones, layout_cave_pods, lemuel_fruit_tree
Lair:2:   layout_concentric_octagons, nicolae_snake_entry_warm_welcome,
          serial_bayou_shore_b
Lair:3:   dragon1_lemuel, layout_chaotic_city, minmay_shoals_entry_centaurs,
          evilmike_ambush [evilmike_ambush_outer_basic,
          evilmike_ambush_inner_basic]
Lair:4:   layout_big_grid, minmay_slime_entry_oklob_open, nicolae_lair_lil_pond
Lair:5:   hangedman_lair_tendril_chambers, layout_regular_city,
          nicolae_volcano_entry_two_sided, gauntlet_entry_generic,
          minmay_stone_trees_small, nicolae_lair_grazing_beasts
          [nicolae_sub_lair_graze_edge, nicolae_sub_lair_graze_edge,
          nicolae_sub_lair_graze_edge, nicolae_sub_lair_graze_edge]
Shoals:1: layout_shoals, uniq_donald, uniq_frances, uniq_mlioglotl, uniq_louise
Shoals:2: layout_shoals, lemuel_altar_in_water2, lemuel_centaur_altar
Shoals:3: layout_shoals, uniq_jorgrun
Shoals:4: shoals_end_hangedman, layout_shoals, shoals_ilsuiw_alternative,
          uniq_nikola
Snake:1:  layout_chambers, grunt_megastairs_3
Snake:2:  layout_honeycomb, uniq_vashnia
Snake:3:  layout_cave_pods
Snake:4:  snake_pit, layout_cave_shapes, hangedman_snake_pattern, uniq_aizul
Orc:1:    layout_diamond_mine, serial_shops, shop, uniq_harold, uniq_josephine
Orc:2:    st_orc_elflike, layout_caves
Elf:1:    minmay_elf_arrival_circle, layout_onion_city, st_stairs_14
Elf:2:    elven_hall_of_blades_hangedman_original
          [nicolae_blade_entry_area_security], layout_geoelf_diagonals,
          serial_shops, nicolae_stop_n_shop_1, nicolae_shop_hallway_stairs, shop
Elf:3:    grunt_elf_hall_spiral, layout_loops_corners, serial_shops, shop, shop,
          uniq_zenata, uniq_asterion
Vaults:1: v_misc_25, nicolae_vaults_trapezoid_layered, hangedman_vaults_corner,
          ontoclasm_vaults_chip, ontoclasm_vaults_pinch, layout_vaults_omnigrid,
          uniq_boris
Vaults:2: hangedman_vaults_variations, nicolae_vaults_loss_of_containment,
          ontoclasm_vaults_eye, v_alt_pattern_5, vaults_dpeg_cross,
          vaults_dpeg_doors, nicolae_vaults_big_angled_halls, vaults_dpeg_hooks,
          hangedman_vaults_restitches, hangedman_vaults_capsules,
          layout_vaults_omnicross
Vaults:3: portal_desolation_entry_nicolae_nacl, vaults_standard_mumra_x,
          minmay_crypt_entry_nasty_monster, nicolae_vaults_specimen_jars,
          serial_ice_m, nicolae_vaults_octothorpe, nicolae_vaults_triangles,
          v_misc_29, hangedman_vaults_corner_blocks, v_misc_1,
          nicolae_vaults_little_squares_6, nicolae_vaults_tetromino_L_1,
          layout_vaults_omnibox, serial_shops, bzr_entry_islet, enter_trove_3
Vaults:4: gammafunk_ghost_crypt, hangedman_vaults_cutoff, v_misc_30, v_rooms_5,
          vaults_room_door_hall, v_alt_pattern_6,
          nicolae_vaults_layer_cake_slice, nicolae_vaults_puzzle_piece,
          nicolae_vaults_trapezoid_lopsided_4, nicolae_vaults_theta,
          nicolae_vaults_tetromino_Z_1, nicolae_vaults_storage_room_statues,
          layout_vaults_maze
Crypt:1:  layout_chaotic_city
Crypt:2:  layout_rooms
Depths:1: layout_gridville, nicolae_gozag_cash_rules_everything_around_me,
          hellmouth_3, hangedman_decor_points, minmay_evil_grid
Depths:2: kennysheep_large_spiral, layout_twisted_cross,
          hangedman_abyss_entry_splay, gammafunk_ghost_tricky_traps,
          kennysheep_cross_bottleneck, hell_entry, pan_entry, nrook_uturn,
          kiku_gazebo_pond_becter, minmay_shop_grove, uniq_josephina
Depths:3: hangedman_slaughterboxes, hell_entry, abyss_entry
Depths:4: grunt_x_marks_the_spot, layout_honeycomb, hell_entry, serial_shops,
          nicolae_shop_rolling_square, hangedman_abyss_or_decor_stagger,
          uniq_frederick, uniq_parghit
Zot:1:    layout_cellular_growth,
          regret_index_zotdec_abyssal_contain_seething_sorcery, uniq_vv

Skill      XL: |  1  2  3  4  5  6  7  8  9 10 11 12 13 14 15 16 17 18 19 20 21 22 23 24 25 26 |
---------------+-------------------------------------------------------------------------------+-----
Maces & Flails | 3 4 5 6 7 9 11 13 14 15 16 | 16.9
Fighting       | 4 5 6 8 9 10 11 12 13 15 17 19 20 21 22 23 | 23.0
Dodging        | 2 5 7 9 10 11 12 13 14 15 16 | 16.5
Shields        | 5 7 10 11 12 13 14 15 16 18 19 20 21 23 24 | 24.6
Invocations    | 7 8 9 |  9.2
Armour         | 7 9 10 11 | 11.1
Ranged Weapons | 4 6 10 13 15 | 15.8
Staves         | 2 6 8 9 10 | 10.7
Necromancy     | 2 6 8 9 11 12 13 14 15 16 17 | 17.2
Stealth        | 1 |  1.4

Action                     |  1- 3 |  4- 6 |  7- 9 | 10-12 | 13-15 | 16-18 | 19-21 | 22-24 | 25-27 || total
---------------------------+-------+-------+-------+-------+-------+-------+-------+-------+-------++-------
  Melee: Flail             |    77 |    44 |       |       |       |       |       |       |       ||   121
         Peck              |     8 |    13 |    60 |    70 |   281 |   397 |   323 |   454 |   266 ||  1872
         Kick              |    11 |    30 |    69 |   132 |   449 |   644 |   541 |   675 |   427 ||  2978
         Whip              |       |    81 |   274 |   364 |   992 |   880 |       |       |       ||  2591
         Eveningstar       |       |       |       |       |       |   637 |  1321 |  1348 |   840 ||  4146
  Throw: Javelin           |       |     2 |     2 |     7 |    12 |    54 |    28 |     6 |     2 ||   113
         Dart              |       |       |       |       |     2 |     2 |       |       |       ||     4
 Invoke: Heroism           |       |       |       |    14 |     5 |     3 |       |       |     2 ||    24
         Finesse           |       |       |       |       |     1 |    12 |     3 |     4 |     9 ||    29
         Receive Armour    |       |       |       |       |       |     1 |       |       |       ||     1
         Receive Weapon    |       |       |       |       |       |       |     1 |       |       ||     1
  Evoke: Wand              |       |       |     1 |     1 |       |     2 |     1 |       |       ||     5
         Lightning rod     |       |       |       |       |       |     4 |       |       |       ||     4
    Use: Scroll            |       |     6 |     9 |     8 |     2 |     5 |     3 |     5 |     9 ||    47
         Potion            |       |       |       |     3 |     3 |     8 |     5 |     2 |     8 ||    29
   Stab: Distracted        |       |       |       |       |       |     1 |       |       |     1 ||     2
         Confused          |       |       |       |       |       |       |       |       |     1 ||     1
 Armour: Scale mail        |    40 |    47 |    84 |    78 |   107 |       |       |       |       ||   356
         Ice dragon scales |       |       |       |       |   143 |   473 |    27 |       |       ||   643
         Ring mail         |       |       |       |       |       |       |   417 |   367 |   193 ||   977
  Dodge: Dodged            |    51 |    50 |   123 |   248 |   469 |   697 |   722 |   569 |   322 ||  3251
         Repelled          |       |       |       |     1 |     4 |    20 |     3 |       |       ||    28
  Block: Buckler           |    17 |    15 |    29 |       |   183 |   299 |   376 |       |       ||   919
         Kite shield       |       |       |     4 |   190 |    95 |       |       |       |       ||   289
         Reflection        |       |       |       |       |     4 |    27 |       |    38 |    16 ||    85
         Tower shield      |       |       |       |       |       |       |   872 |  1815 |  1042 ||  3729
